 Dungeon Crawl Stone Soup version 0.30-a0-457-g4b7bca3bfa (webtiles) character file.

Game seed: 8637825561750625389

32 oldriver the Vexing (level 3, 0/27 HPs)
             Began as a Barachi Hexslinger on Dec 13, 2022.
             Slain by a goblin
             ... wielding a +2 dagger of electrocution
             ... led by Robin
              (13 damage)
             ... on level 2 of the Dungeon.
             The game lasted 00:01:11 (1275 turns).

oldriver the Vexing (Barachi Hexslinger)            Turns: 1275, Time: 00:01:13

Health: 0/27       AC:  2    Str: 11    XL:     3   Next: 27%
Magic:  4/4        EV: 16    Int: 13    God:
Gold:   77         SH:  0    Dex: 14    Spells: 3/4 levels left

rFire   . . .      SeeInvis .    a - +1 sling
rCold   . . .      Faith    .    (no shield)
rNeg    . . .      Spirit   .    c - +0 robe
rPois   .          Reflect  .    (no helmet)
rElec   .          Harm     .    (no cloak)
rCorr   .          Rampage  .    (no gloves)
Will    .....                    (no boots)
Stlth   +.........               e - amulet of the acrobat
HPRegen 0.24/turn                s - +4 ring of evasion
MPRegen 0.09/turn                (no ring)

@: lethally poisoned (0 -> -22), slow
A: amphibious, slowness 1, strong legs 1, +LOS
a: Hop


You were on level 2 of the Dungeon.
You visited 1 branch of the dungeon, and saw 2 of its levels.

You collected 77 gold pieces.

Inventory:

Hand Weapons
 a - a +1 sling (weapon)
Armour
 c - a +0 robe (worn)
Jewellery
 e - an amulet of the acrobat (around neck)
 s - a +4 ring of evasion (left hand)
Scrolls
 b - 3 scrolls of poison
 f - a scroll of noise {unknown}
 h - a scroll of vulnerability {unknown}
 i - a scroll of blinking {unknown}
 j - a scroll of identify {unknown}
 m - 2 scrolls of teleportation {unknown}
 o - a scroll of fog {unknown}
 p - a scroll of torment {unknown}
 q - a scroll of enchant weapon {unknown}
Potions
 d - a potion of might {unknown}
 g - a potion of mutation {unknown}
 k - a potion of curing {unknown}
 l - 4 potions of brilliance {unknown}
 n - a potion of flight {unknown}
 r - a potion of heal wounds {unknown}
 t - 2 potions of magic {unknown}
 u - a potion of ambrosia {unknown}


   Skills:
 + Level 2.3 Fighting
 * Level 3.2 Ranged Weapons
 - Level 2.1 Dodging
 - Level 1.1 Spellcasting
 - Level 3.2 Hexes


You had 3 spell levels left.
You knew the following spells:

 Your Spells              Type           Power      Damage    Failure   Level
a - Slow                  Hex            36%        N/A       8%          1

Your spell library contained the following spells:

 Spells                   Type           Power      Damage    Failure   Level
 Confusing Touch          Hex            9%         N/A       22%         3
 Static Discharge         Conj/Air       0%         2-2/arc   38%         2
 Inner Flame              Hex/Fire       4%         N/A       38%         3
 Portal Projectile        Hex/Tloc       8%         N/A       38%         3
 Vampiric Draining        Necr           0%         2d6       63%         3
 Vhi's Electric Charge    Tloc/Air       0%         N/A       63%         3
 Cause Fear               Hex            4%         N/A       58%         4
 Arcjolt                  Conj/Air       0%         1d10      100%        5
 Lightning Bolt           Conj/Air       0%         1d11      100%        5


Dungeon Overview and Level Annotations

Branches:
Dungeon (2/15)

Altars:

Annotations:
D:2 Robin


Innate Abilities, Weirdness & Mutations

You are amphibious.
You cover ground slowly.
You can hop short distances.
You have an extended range of vision and can be seen from far away.


Message History

You shoot a sling bullet. The endoplasm quivers.
The sling bullet hits the endoplasm.
The endoplasm is almost dead.
You shoot a sling bullet. The sling bullet hits the endoplasm!
You kill the endoplasm!
No target in view!
No target in view!
Something hits the bush.
The bush is poisoned.
Robin is nearby!
You shoot a sling bullet. The sling bullet barely misses Robin.
Robin shouts!
You shoot a sling bullet.
The sling bullet completely misses Robin.
Robin roars a battlecry!
No target in view!
No target in view!
No target in view!
The goblin shouts!
Robin says, "A pitiful Frog like you will never find the ORB!"
You shoot a sling bullet.
The sling bullet completely misses Robin.
The sling bullet closely misses the goblin.
You shoot a sling bullet. The sling bullet hits Robin.
Robin is moderately wounded.
Robin hits you with a +1 dagger of venom.
You are poisoned.
Robin hits you but does no damage.
You are more poisoned.
You shoot a sling bullet. The sling bullet hits Robin.
Robin is severely wounded.
You feel very sick. Robin throws the goblin at you!
The goblin barely misses you.
You shoot a sling bullet. The sling bullet barely misses Robin.
You feel very sick.
Robin hits you with a +1 dagger of venom.
You are lethally poisoned!
The goblin hits you with a +2 dagger of electrocution.
You are electrocuted!
You die...

#>....#.........#####.####.#
#### ...#.##..#..##### #.#
#.###.P# #..#.##..#..#
######.####.##..♣P
.....##..#..#
#...........#..P).
#..####..#..#
♣.♣♣##.#......P♣♣P #..#
#..#..# ♣♣.P♣ #.#..♣..♣♣♣.♣
#..####..#..# ♣P.♣♣
#....♣P..... ............#
♣g.P♣ #†..♣♣♣.gP.P
#..####..##.##♣P@♣♣ #.#.♣
..##... #..# #.......♣♣g.♣
#.#.. .g#..## #..#
###.##.#♣♣.P♣ #.##...##.##
#..# #.##.#♣♣.P♣ #.# ... .[
#..# #.##.#♣P..♣ ... ####
#.##.#♣♣.♣♣##..... #.##.#
#......g... #.##.#
#.......... #....#
######.....


You could see Robin and a goblin (strong).

Vanquished Creatures
  4 endoplasms
  2 giant cockroaches
  9 goblins
  A hobgoblin (D:2)
  2 jackals (D:2)
  2 kobolds (D:1)
  A quokka (D:1)
  A ball python (D:2)
  2 bats (D:1)
  3 frilled lizards
  2 rats
29 creatures vanquished.

Vanquished Creatures (others)
  A bush (D:2)
  2 plants (D:2)
3 creatures vanquished.

Grand Total: 32 creatures vanquished

Notes
Turn   | Place    | Note
-------+----------+-------------------------------------------
     0 | D:1      | oldriver the Barachi Hexslinger began the quest for the
                  | Orb.
     0 | D:1      | Reached XP level 1. HP: 15/15 MP: 2/2
   177 | D:1      | Reached XP level 2. HP: 22/22 MP: 3/3
  1151 | D:2      | Reached XP level 3. HP: 27/27 MP: 4/4
  1188 | D:2      | Noticed Robin
  1275 | D:2      | Slain by a goblin

Illustrated notes

Levels and vault maps discovered:
D:1:      evilmike_arrival_fibonacci_small, layout_loops_ring,
          minmay_pentomino_u2
D:2:      layout_loops_ring, serial_forest, infiniplex_forest_clump_double,
          infiniplex_forest_end_double, infiniplex_forest_lined_2,
          infiniplex_forest_straight_3, infiniplex_forest_straight_5,
          infiniplex_forest_lined_3, uniq_robin

Skill      XL: |  1  2 |
---------------+-------+-----
Fighting       | 2 |  2.3
Ranged Weapons | 3 |  3.2
Dodging        | |  2.1
Spellcasting   | |  1.1
Hexes          | |  3.2

Action                   || total
-------------------------++-------
 Fire: Sling             ||    97
 Cast: Slow              ||     1
Armor: Robe              ||     9
Dodge: Dodged            ||    23

Table legend: (Time is in decaauts)
 A = Elapsed time spent in this place.
 B = Non-inter-level travel time spent in this place.
 C = Inter-level travel time spent in this place.
 D = Time resting spent in this place.
 E = Time spent auto-exploring this place.
 F = Levels seen in this place.
 G = Mean time per level.
                   A        B        C        D        E       F      G
               +--------+--------+--------+--------+--------+-----+--------+
         Total |   1506 |   1469 |     37 |      0 |   1219 |   2 |  753.0 |
       Dungeon |   1506 |   1469 |     37 |      0 |   1219 |   2 |  753.0 |
               +--------+--------+--------+--------+--------+-----+--------+

Top non-repeatable levels by time:
     D:2: 769 daAuts
     D:1: 737 daAuts
